 Dungeon Crawl Stone Soup version 0.27.1-1-g398f81649c (webtiles) character file.

Game seed: 13952755733241580

200 acemry the Insei (level 5, 0/33 HPs)
             Began as an Octopode Transmuter on Sept 7, 2021.
             Slain by a hound (1 damage)
             ... on level 4 of the Dungeon.
             The game lasted 00:12:53 (3342 turns).

acemry the Insei (Octopode Transmuter)              Turns: 3342, Time: 00:12:54

Health: 0/33       AC:  5    Str:  8 (9)  XL:     5   Next: 79%
Magic:  8/8        EV: 13    Int: 19 (22) God:
Gold:   16         SH:  0    Dex: 10 (12) Spells: 6/8 levels left

rFire    . . .     SeeInvis +     - Unarmed
rCold    + . .     Faith    .   (no shield)
rNeg     . . .     Spirit   .   (helmet restricted)
rPois    .         Reflect  .   (no amulet)
rElec    .         Harm     .   f - ring of Hiuqi {rC+ Will+ Int+5}
rCorr    .         Rampage  .   h - +4 ring of protection
Will     +....                  p - ring of see invisible
Stlth    ++........             (no ring)
HPRegen  0.11/turn              (no ring)
MPRegen  0.11/turn              (no ring)
                                (no ring)
                                (no ring)

@: lethally poisoned (0 -> -1), flying
A: almost no armour, amphibious, 8 rings, camouflage 1, gelatinous body 1,
(nimble swimmer 1), tentacles, inability to read while threatened
a: no special abilities


You were on level 4 of the Dungeon.
You visited 1 branch of the dungeon, and saw 4 of its levels.

You collected 1120 gold pieces.
You spent 1104 gold pieces at shops.

Inventory:

Missiles
 o - 36 stones
Jewellery
 f - the ring of Hiuqi (left tentacle) {rC+ Will+ Int+5}
   (You bought it in a shop on level 1 of the Dungeon)

   [ring of willpower]

   Int:       It affects your intelligence (+5).
   rC:        It protects you from cold.
   Will:      It increases your willpower.
 h - a +4 ring of protection (right tentacle)
 p - a ring of see invisible (on tentacle)
Wands
 m - a wand of polymorph (12)
Scrolls
 b - a scroll of enchant armour
 j - a scroll of identify
Potions
 c - 2 potions of attraction


   Skills:
 - Level 1.0 Fighting
 - Level 2.0 Dodging
 + Level 5.0 Unarmed Combat
 - Level 2.0 Spellcasting
 + Level 3.8 Transmutations
 + Level 1.5 Poison Magic


You had 6 spell levels left.
You knew the following spells:

 Your Spells              Type           Power      Damage    Failure   Level
a - Beastly Appendage     Tmut           32%        N/A       3%          1
b - Sting                 Tmut/Pois      48%        1d5       5%          1

Your spell library contained the following spells:

 Spells                   Type           Power      Damage    Failure   Level
 Wereblood                Tmut           16%        N/A       5%          2
 Spider Form              Tmut/Pois      6%         N/A       17%         3
 Poisonous Vapours        Pois/Air       8%         N/A       19%         2
 Ice Form                 Ice/Tmut       9%         N/A       58%         4
 Olgreb's Toxic Radiance  Pois           7%         N/A       65%         4


Dungeon Overview and Level Annotations

Branches:
Dungeon (4/15)
 Temple: D:4-7

Altars:

Shops:
D:1 =*=!*   D:2 (


Innate Abilities, Weirdness & Mutations

You cannot wear most types of armour.
You are amphibious.
You can wear up to eight rings at the same time.
Your skin changes colour to match your surroundings (Stealth+).
Your rubbery body absorbs attacks. (AC +1, EV +1)
((You are camouflaged near water. (Stealth+)))
You have tentacles for arms and can constrict up to eight enemies at once.
You sometimes lose the ability to read scrolls when taking damage.


Message History

The adder bites you.
* * * LOW HITPOINT WARNING * * *
You are poisoned.
The adder poisons you! The gnoll closely misses you.
You climb downwards.
* * * LOW HITPOINT WARNING * * *
You feel sick.
Found a plate armour, a club, 21 arrows and a ring mail.
There is a stone staircase leading up here.
It was a potion of degeneration.
There was something very wrong with that liquid.
You feel weakened.
You feel dopey.
You feel clumsy.
* * * LOW HITPOINT WARNING * * *
You feel sick. The adder bites you.
* * * LOW HITPOINT WARNING * * *
It was a potion of mutation.
You feel extremely strange.
You lose the ability to read scrolls when threatened.
* * * LOW HITPOINT WARNING * * *
You feel sick. The adder barely misses you. The hound barely misses you.
The adder barely misses you.
It was a potion of flight.
You feel very buoyant.
You fly up into the air.
* * * LOW HITPOINT WARNING * * *
You feel sick.
The goblin shouts!
You hear a shout! x4
The hound closely misses you.
A goblin comes into view. It is wielding a +0 club.
The phantom hits you but does no damage.
A hobgoblin comes into view.
The adder misses you.
The hobgoblin shouts!
As you read the scroll labelled USTYTH ITSUST, it crumbles to dust.
The creatures around you are filled with an inner flame!
It was a scroll of immolation.
* * * LOW HITPOINT WARNING * * *
You feel sick.
The goblin shouts!
You hear a shout! x2
The hound bites you.
You die...

......
#########...[..
...............
...............
.....(.........
...............
...........g.gg
..[...W@.#
......Sh.#
...)......#
.....^....#
...###..... ..
#.##.## . #. .#
#. .#


You could see a phantom (inner flame), a hound (inner flame), an adder (inner
flame), a hobgoblin (inner flame) and 2 goblins.

Vanquished Creatures
  A scorpion (D:4)
  Terence (D:2)
  5 gnolls
  2 adders
  A worm (D:3)
  3 dart slugs
  6 ball pythons
  2 endoplasms
  A giant cockroach (D:1)
  6 goblins
  3 hobgoblins (D:3)
  4 jackals
  3 quokkas
  3 bats
  4 frilled lizards
  A kobold (D:2)
  2 rats (D:1)
48 creatures vanquished.

Notes
Turn   | Place    | Note
-------+----------+-------------------------------------------
     0 | D:1      | acemry the Octopode Transmuter began the quest for the Orb.
     0 | D:1      | Reached XP level 1. HP: 13/13 MP: 3/3
    77 | D:1      | Found Kuov's Distillery.
   160 | D:1      | Found Enuh's General Store.
   288 | D:1      | Found Poeluwa's Assorted Antiques.
   297 | D:1      | Reached XP level 2. HP: 16/18 MP: 3/5
   358 | D:1      | Found Ophecre's Jewellery Boutique.
   368 | D:1      | Found Unesmuc's Jewellery Shop.
   377 | D:1      | Found a faded altar of an unknown god.
  1008 | D:2      | Learned a level 1 spell: Sting
  1018 | D:2      | Reached XP level 3. HP: 23/23 MP: 3/6
  1070 | D:2      | Reached skill level 4 in Unarmed Combat
  1421 | D:2      | Found Deusaong's Antique Weapon Shoppe.
  1429 | D:2      | Noticed Terence
  1449 | D:2      | Killed Terence
  1450 | D:2      | Reached XP level 4. HP: 3/28 MP: 5/7
  1826 | D:2      | Identified a scroll of acquirement
  1826 | D:2      | Acquired 985 gold pieces
  1926 | D:1      | Bought the ring of Hiuqi {rC+ Will+ Int+5} for 594 gold
                  | pieces
  1960 | D:1      | Bought a +4 ring of protection for 360 gold pieces
  2795 | D:3      | You fall into a shaft and drop 1 floor!
  2796 | D:4      | Noticed a scorpion
  2802 | D:4      | Killed a scorpion
  2803 | D:4      | Reached skill level 1 in Poison Magic
  2803 | D:4      | Reached XP level 5. HP: 28/33 MP: 4/8
  2887 | D:4      | Reached skill level 5 in Unarmed Combat
  3145 | D:1      | Bought a ring of see invisible for 150 gold pieces
  3338 | D:4      | Noticed a phantom
  3340 | D:4      | Gained mutation: You sometimes lose the ability to read
                  | scrolls when taking damage. [potion of mutation]
  3342 | D:4      | HP: 1/33 [poisoned by an adder]
  3342 | D:4      | Slain by a hound

Illustrated notes

Levels and vault maps discovered:
D:1:      lemuel_arrival_room, layout_basic, serial_shops, shop, shop, shop,
          nicolae_shop_waterfront, nicolae_shop_behind_doors,
          hellmonk_ecumenical_altar_arch_garden
D:2:      layout_basic, serial_shops, shop, uniq_terence
D:3:      layout_loops_ring, grunt_decor_resistance, minmay_misc_feat_enclosed
D:4:      layout_basic, minmay_temple_entry_trees, serial_shops, shop_fountains,
          uniq_robin

Skill      XL: |  1  2  3  4  5 |
---------------+----------------+-----
Unarmed Combat | 4 5 |  5.0
Transmutations | 3 |  3.8
Poison Magic   | 1 |  1.5
Fighting       | |  1.0
Dodging        | |  2.0
Spellcasting   | |  2.0

Action                   |  1- 3 |  4- 6 || total
-------------------------+-------+-------++-------
Melee: Unarmed           |    69 |    39 ||   108
       Constrict         |    22 |     9 ||    31
       Kick              |    18 |     5 ||    23
       Tentacles         |    10 |     8 ||    18
       Punch             |     1 |     1 ||     2
 Cast: Beastly Appendage |    23 |    12 ||    35
       Sting             |     7 |    20 ||    27
  Use: Scroll            |     5 |     6 ||    11
       Potion            |       |     6 ||     6
 Stab: Sleeping          |       |     1 ||     1
Armor: Skin              |     1 |    13 ||    14
Dodge: Dodged            |    43 |    38 ||    81
